 Dungeon Crawl Stone Soup version 0.29.1-12-g30fa7ad0bf (webtiles) character file.

Game seed: 15829713569411187017

11536 MacCMillion the Nimble (level 11, -2/77 HPs)
             Began as a Merfolk Ice Elementalist on Jan 17, 2023.
             Was a Priest of Hepliaklqana.
             Slain by a komodo dragon (20 damage)
             ... on level 2 of the Lair of Beasts.
             The game lasted 00:33:19 (13591 turns).

MacCMillion the Nimble (Merfolk Ice Elementalist)  Turns: 13591, Time: 00:33:20

Health: -2/77      AC: 17    Str:  9    XL:     11   Next: 79%
Magic:  9/27       EV: 19    Int: 18    God:    Hepliaklqana [***...]
Gold:   759        SH:  0    Dex: 15    Spells: 8/19 levels left

rFire   x . .      SeeInvis .   P - staff of cold
rCold   + + .      Faith    .   (no shield)
rNeg    . . .      Spirit   .   J - +0 steam dragon scales
rPois   .          Reflect  .   v - +0 hat
rElec   .          Harm     .   (no cloak)
rCorr   .          Rampage  .   (no gloves)
Will    .....                   o - +0 pair of boots
Stlth   +++.......              (no amulet)
HPRegen 0.22/turn               z - ring of ice
MPRegen 0.20/turn               y - ring of magical power

@: ice-armoured, freezing walls
A: reduced essence, (nimble swimmer 2), mertail
a: Renounce Religion, Recall Ancestor, Ancestor Identity, Transference


You were on level 2 of the Lair of Beasts.
You worshipped Hepliaklqana.
Hepliaklqana was most pleased with you.
You visited 3 branches of the dungeon, and saw 13 of its levels.
You also visited: Sewer and Ice Cave.

You collected 785 gold pieces.
You spent 26 gold pieces at shops.

Inventory:

Hand Weapons
 d - a +1 whip of freezing
 f - a +0 spear
 l - a +0 dagger
 s - a +0 dagger of venom
 A - the +2 mace of the Ass {speed, Will+}
   (You found it on level 4 of the Dungeon)

   Attacks with this weapon are significantly faster.
   Will:      It increases your willpower.
Armour
 a - a +0 robe
 o - a +0 pair of boots (worn)
 v - a +0 hat (worn)
 J - +0 steam dragon scales (worn)
 Q - a +0 tower shield
Magical Staves
 P - a staff of cold (weapon)
Jewellery
 w - a ring of protection from cold
 y - a ring of magical power (right hand)
 z - a ring of ice (left hand)
 B - a +4 ring of evasion
 N - a ring of see invisible
Wands
 t - a wand of light (8)
 u - a wand of flame (75)
 G - a wand of iceblast (15)
Scrolls
 g - 2 scrolls of butterflies {unknown}
 i - 5 scrolls of teleportation
 p - a scroll of enchant armour
 q - a scroll of amnesia
 C - 2 scrolls of poison {unknown}
 D - 3 scrolls of torment {unknown}
 E - a scroll of immolation {unknown}
 F - a scroll of acquirement {unknown}
 I - 3 scrolls of fear {unknown}
 O - a scroll of brand weapon {unknown}
Potions
 b - 4 potions of magic
 c - 7 potions of curing
 h - 4 potions of lignification
 j - 5 potions of berserk rage
 k - 3 potions of might
 m - 2 potions of mutation
 n - 3 potions of resistance
 r - a potion of brilliance {unknown}
 x - 2 potions of ambrosia {unknown}
 H - 2 potions of invisibility {unknown}
 K - a potion of flight {unknown}
 M - a potion of attraction {unknown}


   Skills:
 + Level 8.2 Fighting
 + Level 13.5 Dodging
 - Level 5.0 Stealth
 + Level 4.7 Spellcasting
 - Level 5.0 Conjurations
 - Level 12.0 Ice Magic


You had 8 spell levels left.
You knew the following spells:

 Your Spells              Type           Power      Damage    Failure   Level
a - Freeze                Ice            100%       1d11      1%          1
b - Frozen Ramparts       Ice            100%       1d16      1%          3
c - Ozocubu's Armour      Ice            82%        N/A       1%          3
d - Hailstorm             Conj/Ice       68%        3d14      4%          4

Your spell library contained the following spells:

 Spells                   Type           Power      Damage    Failure   Level
 Ice Form                 Ice/Tmut       55%        N/A       12%         4
 Summon Ice Beast         Ice/Summ       55%        N/A       12%         4
 Sting                    Tmut/Pois      16%        1d3       14%         1
 Poisonous Vapours        Pois/Air       8%         N/A       21%         2
 Scorch                   Fire           8%         2d5       21%         2
 Sublimation of Blood     Necr           4%         N/A       21%         2
 Confusing Touch          Hex            4%         N/A       38%         3
 Flame Wave               Conj/Fire      13%        2d6       43%         4
 Olgreb's Toxic Radiance  Pois           4%         N/A       80%         4
 Petrify                  Tmut/Erth      4%         N/A       80%         4
 Irradiate                Conj/Tmut      6%         3d13      80%         5
 Yara's Violent Unravell  Hex/Tmut       2%         3d3       98%         5
 Summon Cactus Giant      Summ           2%         N/A       100%        6
 Enfeeble                 Hex            2%         N/A       100%        7


Dungeon Overview and Level Annotations

Branches:
Dungeon (10/15)            Temple (1/1) D:4            Lair (2/5) D:8
  Swamp (0/4) Lair:2       Spider (0/4) Lair:2        Sewer (visited)
  IceCv (visited)
    Orc: D:9-12

Altars:
Ashenzari
Cheibriados
Dithmenos
Elyvilon
Fedhas
Gozag
Hepliaklqana
Kikubaaqudgha
Makhleb
Nemelex Xobeh
Okawaru
Qazlal
Ru
Sif Muna
Trog
Uskayaw
Vehumet
Wu Jian
Xom
Yredelemnul
Zin
The Shining One

Shops:
D:4 [   D:5 :   D:7 =(=?

Annotations:
D:2 1 runed translucent door, Crazy Yiuf
D:7 exclusion: hornet
D:9 4 transporters


Innate Abilities, Weirdness & Mutations

Your life essence is reduced to manifest your ancestor. (-10% HP)
((You are very nimble when in or above water. (Stealth+, EV+, Speed+++)))
Your lower body shifts to a powerful aquatic tail in water.


Message History

The yak is heavily wounded.
The hail pelts the bush!!
The bush is heavily damaged.
Edmée hits the yak with a +0 flail!
The yak gores Edmée!
The yak gores you.
* * * LOW HITPOINT WARNING * * *
The black mamba bites you but does no damage.
Unknown command.
Unknown command.
Unknown command.
You barely miss the black mamba.
The black mamba is severely wounded.
The black mamba misses you.
Edmée hits the yak with a +0 flail.
Edmée blocks the yak's attack.
The yak closely misses you.
Unknown command.
You hit the black mamba but do no damage.
You freeze the black mamba!
You kill the black mamba!
The komodo dragon closely misses you.
Edmée hits the komodo dragon with a +0 flail!
The yak snorts and paws the ground.
The yak gores Edmée but does no damage.
The yak barely misses you. The komodo dragon closely misses you.
Unknown command.
Unknown command.
You hit the komodo dragon.
The komodo dragon is almost dead.
Edmée closely misses the komodo dragon.
The yak completely misses you.
The yak gores Edmée!
The yak gores you but does no damage. The komodo dragon closely misses you.
Edmée closely misses the yak.
The yak misses you. The yak gores you.
* * * LOW HITPOINT WARNING * * *
Unknown command.
Casting: Hailstorm (dangerous; 4% risk of failure)
Confirm with . or Enter, or press ? or * to list all spells.
Casting: Frozen Ramparts (safe; 1% risk of failure)
Press: ? - help, Dir - look around, f - activate You feel a strong surge of power!
The walls around you are covered in ice.
The komodo dragon bites you!!
You die...

######.......................,,,,
#**,*##............††........,,,,
,,,^,,#......................,,,,
,*~~+*#...#.....#............,,,,
*,~,,,######.P..#............,***
,,~,>** ##......P...........,**
*~~,,,* #...................,,*
,*~~+** ###....YlR..........,**
,,,,,^* #....@.Y.........,,**
***,,*** ##..##Y†...<....,,*,*
******,* ####.........,,,,***
^*,*,,,* *...........,,,**
,,,,,,,* #...........,,,*
,,,,,,,** *#......P....,,**
,,,,,,*,* *P.r.........,*******
,,,,,,******#........(...,,,,*,**
,,,,,,,***,,.............,,,,,,*,


You could see the friendly Edmée the knight, a komodo dragon and 3 yaks.

Vanquished Creatures
  A cyclops (D:9)
  A black mamba (Lair:2)
  A torpor snail (Lair:2)
  Maggie (D:6)
  An ice devil (Lair:2)
  A polar bear (Lair:2)
  A hornet (D:9)
  8 blink frogs
  12 yaks (Lair:2)
  A steam dragon (D:7)
  An acid dragon (D:9)
  A water moccasin (D:7)
  Pargi (Sewer)
  2 orc warriors
  An ice beast (D:6)
  A sky beast (D:7)
  An ogre (D:5)
  3 centaurs
  A bullfrog (Lair:2)
  A scorpion (D:5)
  2 necrophages
  3 wights (D:4)
  4 killer bees
  A howler monkey (D:6)
  An electric eel (D:8)
  2 orc priests
  A hound (D:5)
  A jelly (D:4)
  Jessica (D:2)
  An iguana (D:6)
  Ijyb (D:5)
  7 orc wizards
  6 hell rats
  5 gnolls
  11 adders
  A river rat (D:6)
  A white imp (D:7)
  4 worms
  A dart slug (D:2)
  12 orcs
  7 ball pythons
  3 endoplasms
  4 giant cockroaches
  5 goblins
  16 hobgoblins
  8 jackals
  5 quokkas
  8 bats
  12 frilled lizards
  3 kobolds
  15 rats
193 creatures vanquished.

Vanquished Creatures (collateral kills)
  A black mamba (Lair:2)
  2 cane toads
  A rime drake (Lair:2)
  An ice devil (Lair:2)
  A troll (D:10)
  3 blink frogs
  A wyvern (D:9)
  3 yaks (Lair:2)
  Menkaure (D:6)
  A swamp worm (Lair:2)
  A water moccasin (D:8)
  An ice beast (D:5)
  A centaur (D:8)
  3 bullfrogs
  A gnoll sergeant (D:7)
  3 killer bees
  A jelly (D:7)
  An orc priest (D:6)
  2 orc wizards
  5 hell rats
  2 gnolls (D:8)
  3 orcs
  A giant cockroach (D:6)
  A butterfly (Lair:2)
41 creatures vanquished.

Vanquished Creatures (others)
  2 knights
  3 ancestors
  4 fungi
  2 plants (Lair:2)
11 creatures vanquished.

Grand Total: 245 creatures vanquished

Notes
Turn   | Place    | Note
-------+----------+-------------------------------------------
     0 | D:1      | MacCMillion the Merfolk Ice Elementalist began the quest
                  | for the Orb.
     0 | D:1      | Reached XP level 1. HP: 13/13 MP: 3/3
   292 | D:1      | Reached XP level 2. HP: 19/19 MP: 3/5
   443 | D:1      | Reached skill level 5 in Ice Magic
  1018 | D:1      | Reached XP level 3. HP: 18/24 MP: 1/6
  1220 | D:1      | Found a faded altar of an unknown god.
  1726 | D:2      | Reached XP level 4. HP: 27/30 MP: 0/7
  1813 | D:1      | Learned a level 3 spell: Frozen Ramparts
  1817 | D:1      | Learned a level 3 spell: Ozocubu's Armour
  2349 | D:2      | Noticed Jessica
  2356 | D:2      | Killed Jessica
  2357 | D:2      | Reached XP level 5. HP: 32/35 MP: 4/8
  2612 | D:2      | Found a runed translucent door.
  2613 | D:2      | Noticed Crazy Yiuf
  3590 | D:3      | You fall into a shaft and drop 1 floor!
  3603 | D:4      | Found Ynkamit's Armour Shop.
  4005 | D:4      | Found a staircase to the Ecumenical Temple.
  4141 | Temple   | Entered the Ecumenical Temple
  4312 | Temple   | Became a worshipper of Hepliaklqana the Forgotten
  4381 | D:4      | Identified the +2 mace of the Ass {speed, Will+}
  4386 | D:4      | Found a shimmering altar of Xom.
  4397 | D:4      | Reached XP level 6. HP: 20/41 MP: 9/9
  5276 | D:5      | Entered Level 5 of the Dungeon
  5451 | D:5      | Noticed an ice beast
  5452 | D:5      | Noticed Ijyb
  5460 | D:5      | Reached XP level 7. HP: 46/46 MP: 10/10
  5512 | D:5      | Killed Ijyb
  5675 | D:5      | Reached skill level 3 in Dodging
  5761 | D:5      | Reached skill level 1 in Fighting
  5768 | D:5      | Found Foqarph's Book Boutique.
  5840 | D:5      | Reached skill level 4 in Dodging
  5857 | D:5      | Reached * piety under Hepliaklqana
  6443 | D:5      | Reached skill level 5 in Dodging
  6713 | D:6      | Reached XP level 8. HP: 52/52 MP: 11/11
  6852 | D:6      | Reached skill level 6 in Dodging
  6982 | D:6      | Found a glowing drain.
  6986 | Sewer    | Entered a sewer
  7052 | Sewer    | Noticed Pargi
  7079 | Sewer    | Killed Pargi
  7080 | Sewer    | Reached skill level 5 in Fighting
  7080 | Sewer    | Reached skill level 7 in Dodging
  7666 | D:6      | Noticed Menkaure
  7674 | D:6      | Killed Menkaure
  7675 | D:6      | Reached skill level 8 in Dodging
  7796 | D:6      | Reached skill level 9 in Dodging
  8068 | D:6      | Noticed Maggie
  8081 | D:6      | Killed Maggie
  8082 | D:6      | Reached skill level 10 in Dodging
  8082 | D:6      | Reached XP level 9. HP: 48/61 MP: 12/12
  8493 | D:7      | Found Sopuuf's Magic Scroll Boutique.
  8498 | D:7      | Bought a scroll of identify for 26 gold pieces
  8514 | D:7      | Noticed a hornet
  8627 | D:7      | Found Cogh's Antique Weapon Shop.
  8791 | D:7      | Reached ** piety under Hepliaklqana
  8792 | D:7      | Remembered your ancestor Edmée as a knight
  8895 | D:7      | Reached skill level 5 in Stealth
  9044 | D:7      | Found Gaemosucs's Jewellery Shop.
  9236 | D:7      | Found a glowing golden altar of the Shining One.
  9295 | D:7      | Found Hiumion's Jewellery Emporium.
  9315 | D:7      | Found a basalt altar of Yredelemnul.
  9636 | D:7      | Noticed an angel
  9765 | D:8      | Found a glowing silver altar of Zin.
  9770 | D:8      | Found a snail-covered altar of Cheibriados.
  9929 | D:8      | Found a staircase to the Lair.
 10019 | D:8      | Reached skill level 11 in Dodging
 10855 | D:9      | Reached *** piety under Hepliaklqana
 10934 | D:9      | Reached skill level 12 in Dodging
 10939 | D:9      | Learned a level 4 spell: Hailstorm
 11021 | D:9      | Reached skill level 1 in Conjurations
 11052 | D:9      | Noticed a cyclops
 11063 | D:9      | Killed a cyclops
 11064 | D:9      | Reached XP level 10. HP: 68/68 MP: 13/13
 11150 | D:9      | Found a transporter.
 11167 | D:9      | Found a transporter.
 11230 | D:9      | Found a transporter.
 11328 | D:9      | Found a transporter.
 11431 | D:9      | Reached skill level 10 in Ice Magic
 11610 | D:10     | Entered Level 10 of the Dungeon
 11801 | Lair:1   | Entered Level 1 of the Lair of Beasts
 12268 | Lair:1   | Noticed a cane toad
 12274 | Lair:1   | Killed a cane toad
 12865 | Lair:2   | Noticed a torpor snail
 12874 | Lair:2   | Killed a torpor snail
 12875 | Lair:2   | Reached skill level 5 in Conjurations
 12887 | Lair:2   | Reached XP level 11. HP: 72/72 MP: 10/14
 13018 | Lair:2   | Found a frozen archway.
 13078 | Lair:2   | Reached skill level 13 in Dodging
 13097 | IceCv    | Entered an ice cave
 13591 | Lair:2   | Slain by a komodo dragon

Illustrated notes

Levels and vault maps discovered:
D:1:      elethiomel_arrival_maze, layout_basic,
          hellmonk_ecumenical_altar_arch_garden, kennysheep_minor_cross,
          minmay_misc_feat_roman, st_stairs_11
D:2:      layout_loops_ring, minmay_fountain_box, minmay_tall_x, uniq_jessica,
          uniq_crazy_yiuf_cottage
D:3:      layout_loops_cross
D:4:      layout_rooms, mainiacjoe_overflow_cross_hatched,
          minmay_temple_entry_tees, serial_shops, shop
D:5:      layout_loops_cross, serial_shops, nicolae_shop_waterfront,
          reono_crystal_passage, hangedman_abyss_or_decor_jellyfish_corner,
          uniq_ijyb
D:6:      layout_basic, gup_sewer_entry_spiral, minivault_22, uniq_menkaure,
          uniq_maggie
D:7:      layout_loops_corners, grunt_temple_overflow_holy_war, serial_shops,
          shop, nicolae_shop_window_shopping, shop, shop
D:8:      layout_gridville, nicolae_overflow_squiral, lair_entry_dummy
D:9:      layout_roguey, nicolae_transporter_intersection
D:10:     layout_cave_pools, serial_gnoll_camp, gnoll_camp_mini_basic,
          gnoll_camp_mini_doghouse, gnoll_camp_medium_01,
          gnoll_camp_mini_sergeant, kennysheep_generic_room_13
Temple:   minmay_crystal_spiral_temple
Lair:1:   layout_loops_ring
Lair:2:   layout_hall_layers, nicolae_swamp_entry_splash_gauntlet,
          nicolae_spider_entry_orb_guardian, portal_ice_cave_demonic_guard,
          kennysheep_rathole, lemuel_fruit_fields

Skill      XL: |  1  2  3  4  5  6  7  8  9 10 11 |
---------------+----------------------------------+-----
Ice Magic      | 5 6 7 8 9 11 12 | 12.0
Dodging        | 5 10 12 13 | 13.5
Fighting       | 3 5 6 8 |  8.2
Stealth        | 3 5 |  5.0
Conjurations   | 2 5 |  5.0
Spellcasting   | 4 |  4.7

Action                   |  1- 3 |  4- 6 |  7- 9 | 10-12 || total
-------------------------+-------+-------+-------+-------++-------
Melee: Unarmed           |     1 |       |       |       ||     1
       Whip              |    21 |       |       |       ||    21
       Dagger            |     9 |    26 |    55 |     7 ||    97
       Mace              |       |    44 |    73 |       ||   117
       Punch             |       |     1 |     5 |     3 ||     9
       Tailslap          |       |       |     5 |       ||     5
       Staff             |       |       |       |    61 ||    61
 Cast: Freeze            |    50 |    40 |     7 |       ||    97
       Frozen Ramparts   |       |    12 |    22 |    17 ||    51
       Ozocubu's Armour  |       |     3 |    11 |     7 ||    21
       Hailstorm         |       |       |       |    18 ||    18
Invok: Recall Ancestor   |       |       |     2 |     1 ||     3
       Ancestor Life: Kn |       |       |     1 |       ||     1
  Use: Scroll            |       |     1 |     6 |     6 ||    13
       Potion            |       |       |       |     4 ||     4
 Stab: Sleeping          |     2 |     7 |    13 |     2 ||    24
       Distracted        |       |       |     2 |     1 ||     3
Armor: Robe              |    13 |    11 |    25 |       ||    49
       Steam dragon scal |       |       |    10 |    42 ||    52
Dodge: Dodged            |    51 |    49 |   124 |   116 ||   340
